Map: Oxide LE

Players

ShoWTimE - Winner!

  • Race: Protoss Protoss
  • League: Grandmaster
  • Spawn Location: 1:00

Reynor

  • Race: Zerg Zerg
  • Spawn Location: 7:00

Event: StayAtHome Story Cup #3

VOD

https://youtu.be/T4bChp0eaCo

Description

Time

  • Played on: March 11, 2021, 8:30 a.m.
  • Length: 13:53

All games in this series

Show
View Real Time Build Order
Export as new Build Order

ShoWTimE Protoss - Winner!

Build Orders: 1 Gate Expand, Oracle Opening, Zealot Archon 

Get SALT Encoding   

  12  0:00  Probe  
  13  0:12  Probe  
  14  0:17  Pylon  
  14  0:24  Probe (Chrono Boost)  
  15  0:36  Probe (Chrono Boost)  
  15  0:37  Gateway  
  16  0:45  Probe (Chrono Boost)  
  16  0:46  Assimilator  
  17  0:51  Probe  
  18  1:03  Probe  
  19  1:15  Probe  
  20  1:23  Nexus  
  20  1:27  Probe  
  21  1:37  Cybernetics Core  
  21  1:41  Assimilator  
  21  1:44  Probe  
  22  1:51  Pylon  
  22  1:56  Probe  
  23  2:09  Probe (Chrono Boost)  
  23  2:13  Adept  
  23  2:15  Stargate  
  26  2:18  Probe (Chrono Boost)  
  27  2:23  Probe (Chrono Boost)  
  27  2:24  Warp Gate  
  28  2:35  Probe (Chrono Boost)  
  30  2:37  Probe (Chrono Boost)  
  30  2:43  Adept  
  34  2:44  Probe (Chrono Boost)  
  34  2:45  Probe (Chrono Boost)  
  34  2:50  Probe x2 (Chrono Boost)  
  35  2:51  Void Ray (Chrono Boost)  
  36  3:01  Probe  
  36  3:02  Probe  
  42  3:06  Pylon  
  42  3:13  Probe  
  42  3:14  Probe  
  42  3:18  Gateway  
  44  3:26  Probe x2  
  46  3:28  Oracle  
  49  3:38  Probe  
  49  3:39  Probe  
  51  3:45  Nexus  
  51  3:48  Pylon  
  51  3:50  Probe  
  51  3:51  Probe  
  51  3:55  Assimilator  
  53  3:57  Assimilator  
  54  4:05  Probe (Chrono Boost), Stargate  
  54  4:06  Probe (Chrono Boost)  
  54  4:07  Pylon  
  55  4:15  Void Ray  
  57  4:17  Probe (Chrono Boost)  
  57  4:18  Probe (Chrono Boost)  
  57  4:21  Probe (Chrono Boost)  
  62  4:26  Probe  
  62  4:30  Forge  
  63  4:32  Probe  
  63  4:36  Twilight Council  
  65  4:38  Probe  
  65  4:45  Probe (Chrono Boost)  
  66  4:50  Pylon  
  67  4:54  Probe (Chrono Boost), Void Ray  
  67  4:55  Void Ray  
  67  4:57  Probe (Chrono Boost)  
  67  4:59  Shield Battery  
  69  5:00  Probe (Chrono Boost)  
  69  5:06  Probe (Chrono Boost)  
  80  5:08  Probe x2 (Chrono Boost)  
  80  5:09  Pylon  
  80  5:12  Probe (Chrono Boost), Protoss Ground Weapons Level 1  
  81  5:14  Probe  
  81  5:15  Probe (Chrono Boost)  
  81  5:19  Charge  
  83  5:22  Assimilator  
  83  5:24  Assimilator  
  83  5:27  Probe x2 (Chrono Boost)  
  86  5:30  Robotics Facility  
  86  5:32  Probe (Chrono Boost)  
  88  5:36  Probe (Chrono Boost)  
  88  5:37  Pylon  
  88  5:38  Probe (Chrono Boost)  
  88  5:40  Probe (Chrono Boost)  
  89  5:43  Gateway  
  89  5:44  Gateway  
  91  5:54  Gateway  
  91  5:56  Templar Archives  
  89  5:58  Gateway  
  89  5:59  Gateway  
  89  6:06  Gateway x2  
  89  6:10  Gateway  
  89  6:11  Pylon  
  89  6:14  Shield Battery, Immortal (Chrono Boost)  
  93  6:21  Pylon  
  93  6:28  Pylon  
  93  6:40  High Templar x4  
  93  6:42  Probe  
  93  6:44  Immortal (Chrono Boost)  
  93  6:45  Archon  
  93  6:46  Archon  
  106  6:55  Nexus  
  106  6:56  Pylon  
  106  7:00  Pylon  
  106  7:05  Probe x3  
  106  7:08  Zealot x5  
  119  7:15  Observer (Chrono Boost), Photon Cannon  
  120  7:18  Shield Battery  
  120  7:19  Photon Cannon  
  120  7:21  Zealot x3  
  126  7:29  Robotics Bay  
  123  7:32  Photon Cannon  
  123  7:33  Photon Cannon  
  123  7:39  Immortal (Chrono Boost)  
  123  7:42  Photon Cannon, Protoss Ground Weapons Level 2 (Chrono Boost)  
  123  7:43  Photon Cannon  
  127  7:47  Shield Battery  
  127  7:50  Shield Battery  
  127  7:52  Shield Battery, Sentry  
  127  7:53  Sentry x2  
  127  7:54  Sentry  
  135  7:59  Probe x3, Pylon  
  138  8:06  Robotics Facility  
  138  8:08  Phoenix  
  138  8:11  Probe  
  141  8:14  Zealot x3, Sentry  
  152  8:26  Zealot x3  
  152  8:30  Zealot x2  
  155  8:35  Phoenix x2  
  155  8:37  Zealot  
  155  8:40  Disruptor (Chrono Boost)  
  151  8:46  Shield Battery  
  151  8:48  Zealot x4, Pylon  
  144  8:57  Disruptor (Chrono Boost)  
  144  9:00  Zealot x4  
  148  9:03  Phoenix  
  148  9:04  Zealot  
  140  9:11  Zealot x3  
  140  9:13  Sentry  
  140  9:16  Probe x2  
  140  9:17  Probe  
  143  9:18  Disruptor  
  143  9:22  Zealot x2  
  142  9:33  Zealot x4  
  142  9:34  Zealot  
  142  9:37  Probe x3  
  148  9:39  Zealot x2  
  136  9:48  Zealot x2  
  136  9:49  Probe  
  136  9:50  Probe  
  126  9:58  Zealot x5  
  131  10:04  Probe x3  
  131  10:05  Protoss Ground Weapons Level 3 (Chrono Boost)  
  131  10:06  Assimilator  
  134  10:08  High Templar x4  
  134  10:09  Assimilator  
  134  10:11  Warp Prism  
  134  10:12  Archon  
  134  10:13  Archon  
  144  10:17  Pylon  
  144  10:20  High Templar x4  
  152  10:22  Zealot x2  
  152  10:24  Archon  
  152  10:25  Archon  
  156  10:32  Probe x2  
  156  10:33  Probe  
  159  10:40  Photon Cannon  
  159  10:42  Pylon  
  159  10:45  Stalker x6  
  171  10:50  Disruptor x2 (Chrono Boost)  
  177  10:57  Pylon  
  175  11:04  Zealot x4  
  175  11:10  Zealot x6  
  195  11:14  Fleet Beacon  
  195  11:20  Pylon  
  193  11:31  High Templar x4  
  193  11:32  Pylon  
  176  11:36  Archon, Zealot x6  
  176  11:37  Archon  
  188  11:42  Photon Cannon  
  188  11:49  Protoss Air Weapons Level 1 (Chrono Boost)  
  184  11:55  Nexus  
  184  12:03  Zealot x8  
  192  12:09  Carrier (Chrono Boost)  
  194  12:16  Carrier (Chrono Boost)  
  192  12:25  Zealot x3  
  165  12:44  Zealot  
  165  12:45  Zealot x6  
  179  12:56  High Templar  
  179  12:57  High Templar  
  171  13:02  Archon  
  171  13:03  Pylon  
  171  13:06  High Templar x4  
  171  13:10  Archon x2  
  185  13:17  Zealot x4  
  156  13:35  High Templar x2  
  156  13:39  Archon  
  158  13:42  Photon Cannon  
  158  13:45  Photon Cannon  
  152  13:49  Zealot x4  
Show
View Real Time Build Order
Export as new Build Order

Reynor Zerg 

Build Orders: Hatch First 

Get SALT Encoding   

  12  0:00  Drone  
  13  0:12  Overlord  
  13  0:16  Drone  
  14  0:30  Drone x2  
  16  0:47  Hatchery  
  15  0:51  Drone  
  15  0:54  Drone  
  17  0:58  Drone  
  18  1:08  Extractor  
  17  1:13  Spawning Pool  
  17  1:16  Drone  
  17  1:20  Drone  
  18  1:28  Drone  
  19  1:39  Drone  
  20  1:49  Overlord  
  20  2:00  Queen  
  22  2:02  Zergling x4  
  22  2:03  Queen  
  26  2:10  Drone x2  
  28  2:21  Drone  
  28  2:22  Drone  
  30  2:32  Drone  
  30  2:34  Hatchery, Drone  
  31  2:40  Pneumatized Carapace  
  31  2:46  Queen  
  33  2:52  Overlord  
  33  2:55  Drone  
  33  2:56  Drone  
  35  3:01  Drone  
  36  3:09  Metabolic Boost  
  36  3:11  Drone x3  
  36  3:12  Drone  
  40  3:15  Overlord  
  40  3:23  Queen  
  40  3:25  Zergling x2  
  43  3:30  Overlord  
  43  3:31  Drone  
  44  3:35  Overlord  
  44  3:45  Overlord  
  44  3:47  Drone x2, Queen  
  48  3:49  Drone x2  
  48  3:52  Zergling x2  
  48  3:55  Spore Crawler, Overlord  
  50  3:57  Drone  
  50  3:59  Drone  
  50  4:02  Spore Crawler  
  51  4:03  Drone  
  51  4:05  Zergling x2  
  51  4:09  Drone x2  
  55  4:12  Overlord  
  56  4:17  Drone x3  
  56  4:19  Spore Crawler  
  56  4:24  Overlord  
  58  4:25  Drone x3  
  58  4:29  Drone x2  
  63  4:36  Drone x3  
  63  4:38  Overlord  
  66  4:41  Drone x2  
  66  4:44  Lair  
  68  4:47  Drone x3  
  68  4:50  Queen  
  73  4:54  Drone  
  73  4:56  Drone x2, Evolution Chamber  
  73  4:58  Drone x2  
  77  5:01  Overlord  
  77  5:03  Drone  
  78  5:08  Overlord  
  78  5:10  Drone, Extractor, Queen  
  80  5:14  Overlord  
  80  5:16  Drone x3  
  80  5:18  Overlord  
  80  5:20  Drone  
  84  5:23  Zerg Missile Weapons Level 1  
  84  5:24  Extractor  
  84  5:26  Drone x3, Extractor  
  84  5:27  Queen  
  87  5:36  Drone x3  
  90  5:45  Hatchery, Drone x4  
  90  5:46  Extractor, Spore Crawler  
  90  5:47  Extractor  
  90  5:50  Queen  
  90  5:53  Queen  
  94  6:03  Queen, Overlord  
  96  6:05  Overseer  
  96  6:07  Drone  
  96  6:08  Roach Warren  
  96  6:11  Overseer  
  96  6:13  Drone x12  
  96  6:14  Overlord  
  96  6:17  Overlord  
  108  6:22  Overlord  
  108  6:26  Queen  
  108  6:27  Overlord  
  110  6:33  Drone x4  
  110  6:35  Spore Crawler  
  110  6:37  Overlord  
  111  6:42  Extractor  
  111  6:43  Queen x2  
  111  6:45  Overlord  
  115  6:49  Infestation Pit  
  115  6:51  Drone  
  115  6:52  Drone x3  
  120  6:54  Roach x4  
  120  6:55  Glial Reconstitution, Roach  
  120  6:57  Queen  
  120  6:58  Roach  
  133  7:03  Roach x4  
  133  7:07  Overlord  
  141  7:10  Queen  
  143  7:16  Overseer  
  143  7:19  Overlord  
  143  7:22  Overlord  
  143  7:27  Roach  
  143  7:28  Roach x10  
  165  7:30  Overlord  
  165  7:32  Queen  
  165  7:34  Queen  
  169  7:37  Overlord  
  169  7:39  Roach  
  169  7:40  Roach x2  
  175  7:47  Overlord  
  175  7:49  Ravager x8  
  183  7:56  Ravager x7  
  183  7:57  Roach x4  
  183  7:58  Roach  
  200  8:05  Spine Crawler  
  199  8:06  Spine Crawler  
  199  8:12  Overseer  
  198  8:17  Ravager x2  
  200  8:22  Roach  
  196  8:38  Roach x4  
  193  8:49  Roach x3  
  193  8:53  Roach x3  
  187  8:58  Roach x8  
  187  9:00  Roach x2  
  187  9:02  Zerg Missile Weapons Level 2  
  185  9:10  Roach x8  
  185  9:17  Roach x5  
  199  9:21  Infestation Pit  
  187  9:25  Roach x3  
  187  9:29  Roach x3  
  190  9:34  Roach x4  
  190  9:36  Extractor  
  190  9:37  Queen x2  
  187  9:41  Zergling x8  
  187  9:42  Zergling x4  
  187  9:45  Spire  
  172  9:46  Zergling x2  
  172  9:50  Zergling x4  
  157  9:54  Zergling x4  
  135  10:01  Queen x2  
  135  10:03  Zergling x2, Roach x2  
  140  10:08  Zergling x2  
  140  10:09  Ravager x3  
  140  10:10  Ravager x2  
  140  10:11  Roach  
  140  10:14  Hatchery  
  143  10:16  Hive  
  143  10:18  Zergling x6  
  143  10:19  Baneling Nest  
  143  10:21  Baneling Nest  
  145  10:22  Roach x2  
  145  10:23  Queen  
  145  10:26  Zergling x4  
  150  10:33  Roach x4  
  155  10:36  Queen x2  
  155  10:37  Zergling x2, Roach x2  
  165  10:42  Evolution Chamber  
  165  10:46  Drone  
  165  10:47  Drone x3  
  165  10:49  Overlord  
  168  10:51  Ravager x3  
  168  10:53  Roach  
  168  10:56  Zergling x2  
  176  10:57  Ravager x3  
  176  11:02  Zergling x8, Roach x2  
  176  11:03  Baneling x19  
  181  11:04  Centrifical Hooks  
  181  11:06  Zergling x2  
  181  11:09  Roach  
  181  11:10  Zergling x6  
  181  11:11  Baneling x5  
  184  11:13  Drone x2  
  184  11:14  Zerg Melee Weapons Level 1  
  186  11:19  Zergling x4  
  186  11:20  Zergling x2  
  186  11:21  Zergling x2  
  186  11:22  Baneling x4  
  188  11:29  Zergling x8, Roach  
  188  11:31  Baneling  
  188  11:32  Baneling x9  
  185  11:33  Zergling x10  
  185  11:35  Queen  
  192  11:41  Zergling x6  
  192  11:42  Baneling x10  
  195  11:47  Zergling x8  
  195  11:51  Baneling x6  
  195  11:53  Zergling x2  
  195  11:54  Zergling x2  
  199  12:05  Spire  
  199  12:06  Drone x3  
  199  12:07  Drone x3  
  198  12:08  Extractor  
  198  12:11  Extractor, Spore Crawler x2  
  193  12:16  Zergling x14  
  200  12:28  Zergling x8  
  200  12:34  Zergling x22  
  196  12:38  Zergling x2, Roach  
  193  12:44  Zergling x12  
  193  12:48  Zergling x4  
  199  12:53  Zergling x4  
  199  12:57  Baneling  
  199  12:58  Baneling x24  
  199  12:59  Baneling x4  
  199  13:02  Extractor, Spine Crawler  
  199  13:05  Spore Crawler  
  196  13:08  Drone x5, Spine Crawler  
  197  13:16  Zergling x22  
  157  13:31  Drone x2  
  157  13:32  Drone x2  
  143  13:38  Drone x2  
Tags
 
Add a new tag
Caveats
  • Supply blocks, unpowered buildings, or Contaminate may cause inaccurate times.
  • Supply counts are checked every 10 seconds.